 Dungeon Crawl Stone Soup version 0.31.0 (webtiles) character file.

Game seed: 5484974057117288803

344 qw the Shooter (level 6, 0/38 HPs)
             Began as a Gargoyle Hunter on Jan 19, 2024.
             Slain by an ogre
             ... wielding a +0 giant club
              (15 damage)
             ... on level 4 of the Dungeon.
             The game lasted 00:00:10 (1872 turns).

qw the Shooter (Gargoyle Hunter)                    Turns: 1872, Time: 00:00:10

Health: 0/38       AC:  9    Str: 14    XL:     6   Next: 58%
Magic:  6/6        EV: 11    Int: 10    God:
Gold:   60         SH:  0    Dex: 15    Spells: 5/5 levels left

rFire   . . .        a - +0 shortbow (freeze)
rCold   . . .        (shield currently unavailable)
rNeg    + . .        c - +0 leather armour
rPois   inf          k - +0 helmet
rElec   +            (no cloak)
rCorr   .            e - +0 pair of gloves
SInv    .            (no boots)
Will    .....        (no amulet)
Stlth   ++           (no ring)
HPRegen 0.26/turn    (no ring)
MPRegen 0.10/turn

%: no passive effects
@: no status effects
A: sickness immunity, AC +4, negative energy resistance 1, electricity
resistance, torment resistance 1, petrification resistance
a: no special abilities


You were on level 4 of the Dungeon.
You visited 1 branch of the dungeon, and saw 4 of its levels.

You collected 109 gold pieces.
You spent 49 gold pieces at shops.


Innate Abilities, Weirdness & Mutations

You are immune to sickness and miasma.
Your stone body is resilient. (AC +4)
You are immune to poison.
You resist negative energy. (rN+)
You are resistant to electric shocks. (rElec)
You are resistant to unholy torment.
You are immune to petrification.


   Skills:
 - Level 4.1 Fighting
 + Level 6.7 Ranged Weapons
 - Level 1.5 Armour
 - Level 1.5 Dodging
 - Level 1.1 Stealth


You had 5 spell levels left.
You didn't know any spells.
Your spell library was empty.

Inventory:

Hand Weapons
 a - a +0 shortbow of freezing (weapon)
Armour
 c - a +0 leather armour (worn)
 e - a +0 pair of gloves (worn)
 k - a +0 helmet (worn)
Wands
 d - a wand of charming (3)
Scrolls
 g - 2 scrolls of teleportation
Potions
 b - a potion of might {unknown}
 f - a potion of heal wounds
 h - 2 potions of curing
 i - a potion of haste
 j - a potion of degeneration {unknown}
 l - a potion of magic {unknown}

Dungeon Overview and Level Annotations

Branches:
Dungeon (4/15)
 Temple: D:4-7

Altars:

Shops:
D:3 *:[=


Message History

A gnoll comes into view. It is wielding a +0 spear.
The ball python moves out of view.
You shoot an arrow. The arrow barely misses the gnoll.
The gnoll shouts!
You hear a shout!
You shoot an arrow. The ball python hisses angrily.
The arrow hits the gnoll but does no damage.
The gnoll is heavily wounded.
You shoot an arrow. The arrow hits the gnoll!
The arrow freezes the gnoll.
You kill the gnoll!
An ogre comes into view. It is wielding a +0 giant club.
You shoot an arrow. The arrow hits the gnoll.
The arrow freezes the gnoll.
The gnoll is moderately wounded.
You shoot an arrow. The arrow hits the gnoll.
The arrow freezes the gnoll.
The gnoll is severely wounded.
The gnoll hits you but does no damage.
You shoot an arrow. The arrow barely misses the gnoll.
The arrow hits the ball python.
The arrow freezes the ball python.
The ball python is severely wounded.
The gnoll hits you from afar with a +0 spear.
You shoot an arrow. The arrow hits the gnoll.
The arrow freezes the gnoll.
You kill the gnoll!
You shoot an arrow.
The arrow barely misses the ball python.
The ball python bites you but does no damage.
The ball python barely misses you.
You shoot an arrow. The arrow hits the ball python.
The arrow freezes the ball python.
You kill the ball python!
The ogre hits you with a +0 giant club.
You shoot an arrow. The arrow hits the ogre!
The arrow freezes the ogre.
The ogre is heavily wounded.
The ogre hits you with a +0 giant club!!
You shoot an arrow. The arrow barely misses the ogre.
You shoot an arrow.
The arrow hits the ogre but does no damage.
The ogre is heavily wounded.
The ogre hits you with a +0 giant club!
You die...

... ...### ... ......
#... ..#.## #... #...
#..)##### ....7.
#...)... ..#...
#....O.### 7....#
#...#%@..# . ..#...
#........#.7.7 ....7.
##..#.......... .7....
#.........#...# ..#..
#...........7.. ..7
###.##....#...# #..
###.####....... ..
#..........7.7. ..7.
#..............#...#...


You could see an ogre.

Vanquished Creatures
  An ice beast (D:3)
  A scorpion (D:4)
  A bombardier beetle (D:3)
  A hound (D:3)
  3 gnolls (D:4)
  5 adders
  A dart slug (D:1)
  A ribbon worm (D:2)
  An orc (D:3)
  3 ball pythons
  4 endoplasms
  A giant cockroach (D:1)
  5 goblins
  9 hobgoblins
  3 jackals (D:1)
  4 kobolds
  2 quokkas (D:1)
  7 bats
  4 frilled lizards
  5 rats
62 creatures vanquished.

Notes
Turn   | Place    | Note
-------+----------+-------------------------------------------
     0 | D:1      | qw the Gargoyle Hunter began the quest for the Orb.
     0 | D:1      | Reached XP level 1. HP: 12/12 MP: 1/1
     0 | D:1      | 0 ||| qw: Version: 0.3-a-132-g3d54051
     0 | D:1      | 0 ||| qw: Game counter: 239
     0 | D:1      | 0 ||| qw: Melee chars always use a shield: true
     0 | D:1      | 0 ||| qw: God list: Okawaru
     0 | D:1      | 0 ||| qw: Allow faded altars: false
     0 | D:1      | 0 ||| qw: Do Orc after clearing Dungeon:15 true
     0 | D:1      | 0 ||| qw: Do second Lair branch before Depths: true
     0 | D:1      | 0 ||| qw: Lair rune preference: random
     0 | D:1      | 0 ||| qw: Goals: Normal
     0 | D:1      | 0 ||| PLANNING D:1-11
    78 | D:1      | Reached XP level 2. HP: 17/17 MP: 2/2
   201 | D:1      | Reached XP level 3. HP: 18/21 MP: 3/3
   266 | D:1      | Reached skill level 5 in Ranged Weapons
   566 | D:1      | 566 ||| DROPPING ring of magical power.
   567 | D:1      | 567 ||| READING scroll labelled BAUMODO XELU.
   568 | D:1      | 568 ||| READING scroll labelled AMENGE BUTAWAK.
   568 | D:1      | 568 ||| IDENTIFYING coppery potion
   569 | D:1      | 569 ||| READING scroll labelled MAIR XUCAU.
   570 | D:1      | 570 ||| DRINKING 2 emerald potions.
   571 | D:1      | 571 ||| DROPPING scroll of butterflies.
   572 | D:1      | 572 ||| DROPPING potion of attraction.
   601 | D:2      | 601 ||| STAIRDANCE
   650 | D:2      | 650 ||| STAIRDANCE
   670 | D:1      | Reached skill level 3 in Fighting
   686 | D:2      | Reached XP level 4. HP: 28/28 MP: 4/4
  1019 | D:2      | 1019 ||| UPGRADING to +0 pair of gloves.
  1024 | D:2      | 1024 ||| READING scroll labelled VYIGYV KIRPHIC.
  1025 | D:2      | 1025 ||| READING 3 scrolls labelled JEULUD WIEDA.
  1029 | D:2      | 1029 ||| DRINKING 2 glowing black potions.
  1172 | D:3      | Found Ohow's Jewellery Emporium.
  1179 | D:3      | 1179 ||| SHOPLISTING +4 ring of protection (360 gold, have
                  | 56).
  1179 | D:3      | 1179 ||| SHOPLISTING +6 ring of strength (360 gold, have
                  | 56).
  1179 | D:3      | 1179 ||| SHOPLISTING amulet of Elemental Vulnerability
                  | {rPois rF-- rC-- AC+8} (383 gold, have 56).
  1179 | D:3      | 1179 ||| SHOPLISTING amulet of faith (400 gold, have 56).
  1211 | D:3      | Found Genienn's Antique Armour Emporium.
  1220 | D:3      | 1220 ||| SHOPLISTING dyed leather armour (125 gold, have
                  | 65).
  1220 | D:3      | 1220 ||| SHOPLISTING pair of boots (112 gold, have 65).
  1220 | D:3      | 1220 ||| SHOPLISTING quicksilver dragon scales (1500 gold,
                  | have 65).
  1233 | D:3      | Found Liabebbu's Assorted Antiques.
  1250 | D:3      | Reached XP level 5. HP: 32/32 MP: 5/5
  1252 | D:3      | 1252 ||| SHOPLISTING 2 scrolls of teleportation (156 gold,
                  | have 65).
  1252 | D:3      | 1252 ||| SHOPLISTING long ivory wand (104 gold, have 65).
  1252 | D:3      | 1252 ||| SHOPLISTING potion of curing (78 gold, have 65).
  1252 | D:3      | 1252 ||| BUYING purple potion (23 gold).
  1252 | D:3      | Bought a purple potion for 23 gold pieces
  1252 | D:3      | 1252 ||| SHOPLISTING runed leather armour (130 gold, have
                  | 42).
  1252 | D:3      | 1252 ||| BUYING scroll labelled SUINOA QURACI (26 gold).
  1252 | D:3      | Bought a scroll labelled SUINOA QURACI for 26 gold pieces
  1252 | D:3      | 1252 ||| SHOPLISTING scroll of identify (52 gold, have 16).
  1252 | D:3      | 1252 ||| SHOPLISTING scroll of teleportation (78 gold, have
                  | 16).
  1252 | D:3      | 1252 ||| SHOPLISTING white potion (23 gold, have 16).
  1285 | D:3      | Found Cuoji's Book Boutique.
  1324 | D:3      | Found a faded altar of an unknown god.
  1349 | D:3      | Noticed an ice beast
  1360 | D:3      | Killed an ice beast
  1361 | D:3      | Reached skill level 6 in Ranged Weapons
  1361 | D:3      | 1361 ||| FLEEEEING.
  1501 | D:3      | Reached skill level 1 in Armour
  1501 | D:3      | Reached XP level 6. HP: 37/37 MP: 6/6
  1726 | D:3      | 1726 ||| UPGRADING to +0 helmet.
  1731 | D:3      | 1731 ||| READING scroll labelled SUINOA QURACI.
  1732 | D:3      | 1732 ||| READING scroll labelled NOIMUKA ACIWEQ.
  1733 | D:3      | 1733 ||| READING scroll labelled YGIR KOVON.
  1733 | D:3      | 1733 ||| BRANDING +0 shortbow.
  1734 | D:3      | 1734 ||| DRINKING 2 white potions.
  1872 | D:4      | Slain by an ogre

Levels and vault maps discovered:
D:1:      mrwooster_arrival_statue_2, layout_basic, serial_forest,
          infiniplex_forest_clump_C, infiniplex_forest_straight_3,
          infiniplex_forest_clump_tiny, infiniplex_forest_clump_diagonal,
          infiniplex_forest_straight_2, serial_bayou_crossing
D:2:      layout_rooms
D:3:      layout_loops_ring, ebering_ecumenical_altar_webs, serial_shops,
          nicolae_shop_trees, nicolae_shop_gaudy_bauble, nicolae_shop_crystal,
          nicolae_shop_window_shopping, kennysheep_generic_room_4
D:4:      layout_basic, nicolae_overflow_two_pavilions, roderic_roman_lattice,
          minivault_25, minmay_splitting_lines, nicolae_kite_square_tiling_tiny,
          chequers_serial_rivers_micro_d

Skill      XL: |  1  2  3  4  5  6 |
---------------+-------------------+-----
Ranged Weapons | 5 6 |  6.7
Fighting       | 3 4 |  4.1
Armour         | 1 |  1.5
Dodging        | |  1.5
Stealth        | |  1.1

Action                     |  1- 3 |  4- 6 || total
---------------------------+-------+-------++-------
   Fire: Shortbow          |   143 |   111 ||   254
    Use: Scroll            |     3 |     5 ||     8
         Potion            |     1 |     2 ||     3
 Armour: Leather armour    |    69 |    30 ||    99
  Dodge: Dodged            |    87 |    31 ||   118

Table legend:
 A = Non-vault XP
 B = Vault XP
 C = Vault XP percentage of total XP
 D = Non-vault monster count
 E = Vault monster count
 F = Vault count percentage of total count
                 A         B        C        D         E       F
            +---------+---------+-------+---------+---------+-------
      Total |     479 |      13 |   2.6 |      61 |       1 |   1.6
            +---------+---------+-------+---------+---------+-------
        D:1 |      79 |       0 |   0.0 |      31 |       0 |   0.0
        D:2 |      48 |       0 |   0.0 |      15 |       0 |   0.0
        D:3 |     219 |      13 |   5.6 |       9 |       1 |  10.0
        D:4 |     133 |       0 |   0.0 |       6 |       0 |   0.0
            +---------+---------+-------+---------+---------+-------
